 Dungeon Crawl Stone Soup version 0.29-a0-96-g93358da72b (webtiles) character file.

Game seed: 8788590174193921601

1033 siradein the Insei (level 8, -6/58 HPs)
             Began as a Vampire Transmuter on Feb 11, 2022.
             Was a Follower of Kikubaaqudgha.
             Mangled by Duvessa (13 damage)
             ... on level 5 of the Dungeon.
             The game lasted 00:16:46 (4526 turns).

siradein the Insei (Vampire Transmuter)             Turns: 4526, Time: 00:16:47

Health: -6/58      AC:  4    Str:  9    XL:     8   Next: 3%
Magic:  13/13      EV: 13    Int: 18    God:    Kikubaaqudgha [*.....]
Gold:   290        SH:  0    Dex: 14    Spells: 1/14 levels left

rFire   . . .      SeeInvis +   h - +1 dagger (speed)
rCold   . . .      Faith    .   (no shield)
rNeg    . . .      Spirit   .   a - +0 robe
rPois   .          Reflect  .   (no helmet)
rElec   .          Harm     .   g - +0 cloak
rCorr   .          Rampage  .   (no gloves)
Will    +....                   c - +0 pair of boots
Stlth   +.........              t - amulet of magic regeneration
HPRegen 0.39/turn               s - ring of willpower
MPRegen 0.53/turn               (no ring)

@: healing quickly
A: alive, fangs 3, see invisible, vampiric 2
a: Exsanguinate, Renounce Religion, Receive Corpses


You were on level 5 of the Dungeon.
You worshipped Kikubaaqudgha.
Kikubaaqudgha was aware of your devotion.
You visited 1 branch of the dungeon, and saw 5 of its levels.

You collected 422 gold pieces.
You spent 132 gold pieces at shops.

Inventory:

Hand Weapons
 h - a +1 dagger of speed (weapon)
Missiles
 j - 19 poisoned darts
Armour
 a - a +0 robe (worn)
 c - a +0 pair of boots (worn)
 g - a +0 cloak (worn)
Jewellery
 s - a ring of willpower (left hand)
 t - an amulet of magic regeneration (around neck)
Wands
 k - a wand of mindburst (16)
Scrolls
 d - a scroll of amnesia {unknown}
 f - 3 scrolls of teleportation
 m - a scroll of torment {unknown}
 r - a scroll of blinking {unknown}
Potions
 b - a potion of cancellation
 i - a potion of heal wounds
 l - a potion of magic
 n - a potion of flight
 o - a potion of lignification
 p - a potion of might
 q - a potion of curing


   Skills:
 + Level 3.4 Fighting
 + Level 4.6 Dodging
 + Level 5.3 Unarmed Combat
 + Level 3.8 Spellcasting
 + Level 3.0 Necromancy
 + Level 4.6 Transmutations
 + Level 2.1 Ice Magic


You had one spell level left.
You knew the following spells:

 Your Spells              Type           Power      Damage    Failure   Level
a - Beastly Appendage     Tmut           40%        N/A       2%          1
b - Wereblood             Tmut           20%        N/A       3%          2
c - Spider Form           Tmut/Pois      11%        N/A       17%         3
d - Ice Form              Ice/Tmut       15%        N/A       36%         4
e - Vampiric Draining     Necr           14%        2d7       13%         3

Your spell library contained the following spells:

 Spells                   Type           Power      Damage    Failure   Level
 Animate Skeleton         Necr           28%        N/A       4%          1
 Pain                     Necr           56%        1d6       4%          1
 Ignite Poison            Fire/Tmut/Pois 8%         N/A       24%         3
 Animate Dead             Necr           7%         N/A       38%         4
 Mephitic Cloud           Conj/Pois/Air  3%         N/A       41%         3
 Tukima's Dance           Hex            3%         N/A       41%         3
 Anguish                  Hex/Necr       4%         N/A       61%         4
 Agony                    Necr           14%        N/A       75%         5
 Freezing Cloud           Conj/Ice/Air   3%         6-21      97%         5
 Enfeeble                 Hex            1%         N/A       100%        7
 Haunt                    Necr/Summ      4%         N/A       100%        7
 Infestation              Necr           7%         N/A       100%        8


Dungeon Overview and Level Annotations

Branches:
Dungeon (5/15)             Temple (0/1) D:5

Altars:
Cheibriados
Dithmenos
Kikubaaqudgha
Vehumet

Shops:
D:1 *   D:3 !   D:5 (

Annotations:
D:5 Duvessa


Innate Abilities, Weirdness & Mutations

Your natural rate of healing is accelerated.
You have razor-sharp teeth.
You have supernaturally acute eyesight. (SInv)
You are afflicted with vampirism and can become a bat while bloodless.


Message History

Duvessa misses you.
You hit Dowan.
Dowan is poisoned.
Dowan is lightly wounded.
Duvessa completely misses you. Dowan closely misses you.
You bite Dowan!
Dowan looks as sick as possible!
Dowan is heavily wounded.
Duvessa barely misses you.
You hit Dowan.
Dowan looks as sick as possible!
Dowan is almost dead.
Dowan mumbles some strange words.
Dowan blinks!
Duvessa says, "When magic and the sword combine, nothing stands against them."
Duvessa closely misses you.
You hit Duvessa but do no damage.
Duvessa looks as sick as possible!
Duvessa is heavily wounded.
You kill Dowan!
Kikubaaqudgha accepts your kill.
Duvessa weeps, and shakes her weapon.
Duvessa goes berserk!
You have reached level 8!
You hit Duvessa.
Duvessa looks as sick as possible!
Duvessa is severely wounded.
Duvessa closely misses you. Duvessa misses you.
Things that are here:
a +0 club; a +0 robe; 10 gold pieces Duvessa hits you with a +0 short sword.
Your transformation has ended.
Your +1 dagger of speed unmelds from your body.
Your +0 cloak unmelds from your body.
Your +0 pair of boots unmelds from your body.
Your +0 robe unmelds from your body.
Your hands tingle!
Duvessa hits you with a +0 short sword! Duvessa hits you with a +0 short sword!
* * * LOW HITPOINT WARNING * * *
Duvessa hits you with a +0 short sword!
* * * LOW HITPOINT WARNING * * *
Duvessa rages.
Duvessa hits you with a +0 short sword!
You die...
Kikubaaqudgha rasps: "You have failed me!
Welcome... death!"

#e# #.###.# #.#
#.# #.###.# #.#
#.# #.....# #.#
#.############ #.#
#....)......# #.#
###########.# #.#
#.# #.#
#.##############.#
#.e@.............#
#.################
###


You could see Duvessa (berserk, very poisoned).

Vanquished Creatures
  Sigmund (D:3)
  An ice beast (D:5)
  2 ogres
  A phantom (D:4)
  A scorpion (D:5)
  A water moccasin skeleton (D:4)
  Dowan (D:5)
  A howler monkey (D:5)
  A bullfrog zombie (D:5)
  3 jellies
  An orc priest (D:3)
  A hound (D:5)
  Terence (D:3)
  3 gnolls (D:5)
  5 adders
  An ufetubus (D:5)
  4 dart slugs
  4 orcs
  A ball python (D:1)
  7 bats
  6 endoplasms
  A giant cockroach (D:1)
  9 goblins
  5 hobgoblins
  6 jackals (D:4)
  5 kobolds
  2 quokkas
  2 rats
77 creatures vanquished.

Notes
Turn   | Place    | Note
-------+----------+-------------------------------------------
     0 | D:1      | siradein the Vampire Transmuter began the quest for the
                  | Orb.
     0 | D:1      | Reached XP level 1. HP: 14/14 MP: 3/3
    72 | D:1      | Reached skill level 1 in Fighting
   302 | D:1      | Reached XP level 2. HP: 19/21 MP: 1/5
   349 | D:1      | Found Keratel's General Store.
   385 | D:1      | Learned a level 2 spell: Wereblood
  1116 | D:2      | Found a snail-covered altar of Cheibriados.
  1144 | D:2      | Gained mutation: You are afflicted with vampirism and can
                  | become a bat while bloodless. [Vampire growth]
  1144 | D:2      | Reached XP level 3. HP: 23/26 MP: 4/6
  1151 | D:2      | Learned a level 3 spell: Spider Form
  1557 | D:3      | Reached XP level 4. HP: 28/33 MP: 5/7
  1598 | D:3      | Found a radiant altar of Vehumet.
  1781 | D:3      | Noticed Terence
  1880 | D:3      | Found Puusum's Distillery.
  2150 | D:3      | Reached skill level 4 in Unarmed Combat
  2185 | D:3      | Bought a potion of flight for 36 gold pieces
  2185 | D:3      | Bought a potion of lignification for 36 gold pieces
  2185 | D:3      | Bought a potion of might for 48 gold pieces
  2185 | D:3      | Bought a potion of degeneration for 12 gold pieces
  2274 | D:3      | Found an ancient bone altar of Kikubaaqudgha.
  2280 | D:3      | Became a worshipper of Kikubaaqudgha
  2406 | D:3      | Noticed Sigmund
  2420 | D:3      | Killed Sigmund
  2421 | D:3      | Reached skill level 1 in Necromancy
  2421 | D:3      | Reached XP level 5. HP: 39/39 MP: 6/9
  2421 | D:3      | Reached XP level 6. HP: 46/46 MP: 6/10
  2660 | D:3      | Killed Terence
  2925 | D:4      | Learned a level 4 spell: Ice Form
  3158 | D:4      | Reached skill level 1 in Ice Magic
  3158 | D:4      | Reached XP level 7. HP: 39/51 MP: 10/12
  3526 | D:4      | Found a shadowy altar of Dithmenos.
  3615 | D:5      | Entered Level 5 of the Dungeon
  3691 | D:5      | Reached * piety under Kikubaaqudgha
  3691 | D:5      | Received a gift from Kikubaaqudgha
  3692 | D:5      | Reached skill level 5 in Unarmed Combat
  3696 | D:5      | Learned a level 3 spell: Vampiric Draining
  3794 | D:5      | Found a staircase to the Ecumenical Temple.
  3797 | D:5      | Found Jeottytt's Weapon Shop.
  4081 | D:5      | Noticed Duvessa
  4482 | D:5      | Noticed Dowan
  4514 | D:5      | Killed Dowan
  4515 | D:5      | Reached XP level 8. HP: 41/58 MP: 13/13
  4526 | D:5      | Mangled by Duvessa

Illustrated notes

Levels and vault maps discovered:
D:1:      dpeg_arrival_signposts, layout_basic, serial_curves, eino_curves_03,
          eino_curves_04, serial_shops, shop
D:2:      layout_rooms, basic_altar
D:3:      layout_basic, kiku_gazebo_pond_becter, amcnicky_altar_gilded,
          serial_shops, shop_coins, uniq_terence, uniq_sigmund
D:4:      layout_cave_pools, lemuel_doored_altar, kennysheep_generic_room_11
D:5:      layout_basic, temple_fountains, serial_shops, nicolae_stop_n_shop_2,
          uniq_duvessa

Skill      XL: |  1  2  3  4  5  6  7 |
---------------+----------------------+-----
Fighting       | 1 2 3 |  3.4
Transmutations | 3 4 |  4.6
Dodging        | 3 4 |  4.6
Unarmed Combat | 4 5 |  5.3
Spellcasting   | 3 |  3.8
Necromancy     | 1 2 3 |  3.0
Ice Magic      | 1 2 |  2.1

Action                   |  1- 3 |  4- 6 |  7- 9 || total
-------------------------+-------+-------+-------++-------
Melee: Unarmed           |    61 |    21 |    22 ||   104
       Kick              |    15 |    33 |    33 ||    81
       Bite              |     5 |     9 |    14 ||    28
       Punch             |     1 |     1 |     2 ||     4
       Headbutt          |     6 |    18 |    19 ||    43
       Dagger            |     4 |   120 |    94 ||   218
 Cast: Beastly Appendage |    21 |    15 |    12 ||    48
       Spider Form       |       |     3 |     4 ||     7
  Use: Scroll            |       |     4 |     1 ||     5
 Stab: Sleeping          |     1 |       |       ||     1
Armor: Robe              |    12 |    22 |     5 ||    39
       Skin              |       |     1 |     2 ||     3
Dodge: Dodged            |    29 |    86 |    57 ||   172

Table legend: (Time is in decaauts)
 A = Elapsed time spent in this place.
 B = Non-inter-level travel time spent in this place.
 C = Inter-level travel time spent in this place.
 D = Time resting spent in this place.
 E = Time spent auto-exploring this place.
 F = Levels seen in this place.
 G = Mean time per level.
                   A        B        C        D        E       F      G
               +--------+--------+--------+--------+--------+-----+--------+
         Total |   4444 |   4382 |     62 |    254 |   3227 |   5 |  888.8 |
       Dungeon |   4444 |   4382 |     62 |    254 |   3227 |   5 |  888.8 |
               +--------+--------+--------+--------+--------+-----+--------+

Top non-repeatable levels by time:
     D:3: 1196 daAuts
     D:1: 1046 daAuts
     D:5: 883 daAuts
     D:4: 671 daAuts
     D:2: 646 daAuts
